 Dungeon Crawl Stone Soup version 0.24-a0-250-g6074511 (webtiles) character file.

Game seed: 15898952111290716478

198 Borgoz the Cutter (level 6, 0/37 HPs)
             Began as a Kobold Gladiator on Apr 14, 2019.
             Succumbed to a scorpion's poison
             ... on level 6 of the Dungeon.
             The game lasted 00:04:12 (2084 turns).

Borgoz the Cutter (Kobold Gladiator)                Turns: 2084, Time: 00:04:14

Health: 0/37       AC:  4    Str: 13    XL:     6   Next: 5%
Magic:  6/6        EV: 17    Int:  9    God:
Gold:   65         SH:  0    Dex: 17    Spells: 5/5 levels left

rFire    . . .     SeeInvis .   a - +0 rapier
rCold    . . .     Gourm    .   (shield restricted)
rNeg     . . .     Faith    .   q - +0 leather armour
rPois    .         Spirit   .   c - +0 helmet
rElec    .         Reflect  .   (no cloak)
rCorr    .         Harm     .   (no gloves)
MR       .....                  (no boots)
Stlth    +.........             (no amulet)
HPRegen  0.12/turn              (no ring)
MPRegen  0.10/turn              (no ring)

@: lethally poisoned (0 -> -4)
A: small, carnivore
a: no special abilities


You were on level 6 of the Dungeon.
You were completely stuffed.

You visited 1 branch of the dungeon, and saw 4 of its levels.

You collected 65 gold pieces.

Inventory:

Hand Weapons
 a - a +0 rapier (weapon)
 b - a +0 short sword of holy wrath
Missiles
 d - 3 throwing nets (quivered)
Armour
 c - a +0 helmet (worn)
 q - a +0 leather armour (worn)
Wands
 p - a wand of iceblast (7)
Scrolls
 e - a scroll of amnesia {unknown}
 h - 3 scrolls of noise {unknown}
 i - a scroll of blinking {unknown}
 k - a scroll of fog {unknown}
 l - a scroll of immolation {unknown}
 n - 3 scrolls of remove curse {unknown}
Potions
 g - a potion of degeneration {unknown}
 j - a potion of heal wounds
 m - a potion of haste
 r - a potion of curing {unknown}
Comestibles
 f - 7 rations
 o - a chunk of flesh


   Skills:
 + Level 3.6 Fighting
 + Level 5.3 Short Blades
 - Level 2.1 Throwing
 + Level 2.0 Armour
 + Level 4.9 Dodging


You had 5 spell levels left.
You didn't know any spells.
Your spell library was empty.

Dungeon Overview and Level Annotations

Branches:
Dungeon (3/15)

Altars:
Makhleb

Portals:
Sewer: D:6


Innate Abilities, Weirdness & Mutations

You are small and have problems with some larger weapons.
You are carnivorous and can eat meat at any time.


Message History

You see here a leopard gecko corpse.
You hit the giant cockroach.
The giant cockroach is heavily wounded.
The quokka zombie completely misses you.
The leopard gecko misses you. The giant cockroach misses you.
The scorpion barely misses you.
You hit the giant cockroach.
You kill the giant cockroach!
Your Armour skill increases to level 2!
You feel sick. The gnoll misses you.
The quokka zombie bites you but does no damage.
The ogre completely misses you.
The leopard gecko completely misses you.
The scorpion completely misses you. The quokka zombie misses you.
The ogre hits you with a +0 giant spiked club!!
Ouch! That really hurt!
* * * LOW HITPOINT WARNING * * *
Found a glowing drain.
You die...

#g# #.# #S#
# ##g##.##
#.g.>..#
#sg##....
#Zl# .
#.#O.#######
#...@.≈≈≈≈≈≈
###...≈≈≈≈∩≈
#...≈≈≈≈≈≈
#.########
#.# #. #. #.


You could see an ogre, a scorpion, 3 gnolls, an adder, a quokka zombie and a
leopard gecko.

Vanquished Creatures
  A crimson imp (D:6)
  4 gnolls (D:2)
  6 adders (D:2)
  3 worms (D:2)
  5 leopard geckos
  6 giant cockroaches
  3 goblins
  4 hobgoblins
  8 jackals
  7 kobolds
  4 bats
  4 frilled lizards
  6 rats
61 creatures vanquished.

Notes
Turn   | Place    | Note
-------+----------+-------------------------------------------
     0 | D:1      | Borgoz the Kobold Gladiator began the quest for the Orb.
     0 | D:1      | Reached XP level 1. HP: 12/12 MP: 1/1
    63 | D:1      | Reached XP level 2. HP: 15/18 MP: 2/2
   381 | D:1      | Reached XP level 3. HP: 22/22 MP: 3/3
   820 | D:2      | Reached skill level 1 in Armour
  1110 | D:2      | Found a burning altar of Makhleb.
  1113 | D:2      | Reached XP level 4. HP: 24/27 MP: 4/4
  1394 | D:2      | Reached skill level 5 in Short Blades
  1394 | D:2      | Reached XP level 5. HP: 26/32 MP: 5/5
  2063 | D:3      | You fall through a shaft for 3 floors!
  2067 | D:6      | Reached XP level 6. HP: 37/37 MP: 6/6
  2073 | D:6      | Noticed an ogre
  2083 | D:6      | Found a glowing drain.
  2083 | D:6      | HP: 1/37 [ogre/+0 giant spiked club (21)]
  2084 | D:6      | Succumbed to a scorpion's poison

Levels and vault maps discovered:
D:1:      lemuel_arrival_behind_the_door_large, layout_rooms
D:2:      layout_basic, old_standard_altar
D:3:      layout_rooms, lemuel_round_altar, chequers_serial_rivers_marsh,
          minmay_fractal_squares_gapless_5, uniq_ijyb
D:6:      layout_loops_ring, minmay_temple_entry_proselytizer,
          portal_sewer_entry_f, serial_shops, nicolae_shop_stone,
          fedhas_altar_3, uniq_crazy_yiuf_cottage

Skill      XL: |  1  2  3  4  5  6 |
---------------+-------------------+-----
Dodging        | 4 |  4.9
Armour         | 1 2 |  2.0
Fighting       | 3 |  3.6
Short Blades   | 5 |  5.3
Throwing       | |  2.1

Action                   |  1- 3 |  4- 6 || total
-------------------------+-------+-------++-------
Melee: Rapier            |   125 |   150 ||   275
  Use: Potion            |       |     3 ||     3
  Eat: Chunk             |     9 |     3 ||    12
Armor: Leather armour    |    18 |    37 ||    55
Dodge: Dodged            |   105 |   183 ||   288

Table legend:
 A = Non-vault XP
 B = Vault XP
 C = Vault XP percentage of total XP
 D = Non-vault monster count
 E = Vault monster count
 F = Vault count percentage of total count
                 A         B        C        D         E       F
            +---------+---------+-------+---------+---------+-------
      Total |     273 |      10 |   3.5 |      57 |       4 |   6.6
            +---------+---------+-------+---------+---------+-------
        D:1 |      36 |       0 |   0.0 |      21 |       0 |   0.0
        D:2 |     181 |       0 |   0.0 |      32 |       0 |   0.0
        D:3 |       6 |       0 |   0.0 |       3 |       0 |   0.0
        D:6 |      50 |      10 |  16.7 |       1 |       4 |  80.0
            +---------+---------+-------+---------+---------+-------
